 Dungeon Crawl Stone Soup version bcrawl-1.40.3b (webtiles) character file.

Game seed: 12480879909404397294

405750 Amelense the Bludgeoner (level 10, -1/103 HPs)
             Began as an Ent Monk on Feb 8, 2024.
             Was the Champion of Cheibriados.
             Killed from afar by an electric eel (11 damage)
             ... with a bolt of electricity
             ... on level 7 of the Dungeon.
             The game lasted 00:30:00 (6975 turns).

Amelense the Bludgeoner (Ent Monk)                  Turns: 6975, Time: 00:30:01

Health: -1/103     AC: 19    Str: 37    XL:     10   Next: 69%
Magic:  11/11      EV: 13    Int: 28    God:    Cheibriados [******]
Gold:   238        SH:  0    Dex: 27    Spells: 9/9 levels left

rFire    . . .     GDR:     42% u - +0 giant spiked club
rCold    . . .     SeeInvis +   (shield currently unavailable)
rNeg     + + +     Gourm    .   (armour unavailable)
rPois    +         Faith    +   b - +2 hat
rElec    .         Spirit   .   (no cloak)
rCorr    .         Reflect  .   (gloves unavailable)
MR       +....     Clarity  +   (boots unavailable)
Stlth    +++.......             J - amulet of faith
HPRegen  0.27/turn              (no ring)
MPRegen  0.12/turn              (no ring)

@: very slow
A: large, slow actions, passwall, strong branches, see invisible, clever 1,
negative energy resistance 3, poison resistance, slow metabolism 1, torment
resistance, unbreathing, AC +17
a: Passwall, Bend Time, Defer, Temporal Distortion, Step From Time, Renounce
Religion


You were on level 7 of the Dungeon.
You worshipped Cheibriados.
Cheibriados was exalted by your worship.
You were not hungry.

You visited 2 branches of the dungeon, and saw 9 of its levels.

You collected 448 gold pieces.
You spent 210 gold pieces at shops.

Inventory:

Hand Weapons
 a - a +0 mace
 k - a +0 flail
 u - a +0 giant spiked club (weapon)
 B - a +4 flail of protection
Missiles
 v - 46 curare-tipped needles
Armour
 b - a +2 hat (worn)
Jewellery
 c - an uncursed amulet of guardian spirit
 r - the ring of Zotweoka {*Slow rElec rC++ Dex-5 Stlth--}
   (You found it on level 3 of the Dungeon)

   [ring of attention]

   It affects your dexterity (-5).
   It greatly protects you from cold.
   It insulates you from electricity.
   It may slow you when you take damage.
   It makes you much less stealthy.
 J - an amulet of faith (around neck)
Wands
 h - a wand of random effects (5)
 j - a wand of disintegration (14)
 w - a wand of polymorph (8)
 y - a wand of iceblast (7)
 z - a wand of flame (17)
Scrolls
 d - 7 scrolls of remove curse
 f - a scroll of enchant armour
 i - 4 scrolls of identify
 l - 2 scrolls of amnesia {unknown}
 m - 2 scrolls of revelation {unknown}
 q - a scroll of fear {unknown}
 s - 3 scrolls of teleportation
 t - a scroll of blinking {unknown}
 C - 2 scrolls of fog {unknown}
 H - a scroll of immolation {unknown}
Potions
 g - 2 potions of heal wounds
 n - 4 potions of curing
 o - a potion of might
 p - a potion of flight
 x - a potion of invisibility {unknown}
 A - a potion of mutation
 D - a potion of cancellation {unknown}
 E - a potion of lignification {unknown}
 F - a potion of resistance {unknown}
 I - 2 potions of brilliance {unknown}
 K - a potion of degeneration {unknown}
Comestibles
 e - 14 rations {!d}
 G - a chunk of flesh


   Skills:
 + Level 5.3 Fighting
 * Level 17.5 Maces & Flails
 + Level 3.6 Dodging
 - Level 2.4 Stealth
 + Level 2.4 Invocations


You had 9 spell levels left.
You didn't know any spells.
Your spell library contained the following spells:

 Spells                   Type           Power        Failure   Level  Hunger
 Sandblast                Erth           #.....       11%         1    None
 Stone Arrow              Conj/Erth      #.....       32%         3    #####..
 Petrify                  Tmut/Erth      #.........   73%         4    ######.
 Lee's Rapid Deconstruct  Erth           #.........   97%         5    #######
 Passwall                 Tmut/Erth      Unusable     N/A         2    N/A

Dungeon Overview and Level Annotations

Branches:
Dungeon (8/12)             Temple (1/1) D:4
   Lair: D:7-9          Orc: D:8-11

Altars:
Ashenzari
Cheibriados
Dithmenos
Elyvilon
Fedhas
Gozag
Hepliaklqana
Lugonu
Makhleb
Nemelex Xobeh
Okawaru
Qazlal
Ru
Sif Muna
Trog
Uskayaw
Vehumet
Wu Jian
Xom
Yredelemnul
Zin
The Shining One

Shops:
D:4 %


Innate Abilities, Weirdness & Mutations

You move and act slowly.
You can pass through walls and trees.
Your branches can wield two-handed weapons with a shield.
Your thick bark is tough. (AC +17)
You are too large for most types of armour.
You are immune to negative energy. (rN+++)
Your system is resistant to poisons. (rPois)
You have a slow metabolism.
You are immune to unholy pain and torment.
You can survive without breathing.
You have supernaturally acute eyesight. (SInv)
Your mind is acute. (Int +2)


Message History

The wolf bites you but does no damage.
The electric eel shoots out a bolt of lightning at you!
The bolt of electricity hits you! The bolt of electricity hits you.
* * * LOW HITPOINT WARNING * * *
You barely miss the wolf. The wolf bites you!
* * * LOW HITPOINT WARNING * * *
The wolf bites you but does no damage.
The electric eel shoots out a bolt of lightning at you!
The bolt of electricity hits you!
* * * LOW HITPOINT WARNING * * *
The bolt of electricity misses you. The wolf barely misses you.
The wolf bites you but does no damage.
The electric eel shoots out a bolt of lightning at you!
The bolt of electricity misses the hound.
The bolt of electricity hits you.
* * * LOW HITPOINT WARNING * * *
The bolt of electricity misses you.
The electric eel shoots out a bolt of lightning at you!
The bolt of electricity hits the hound!
The bolt of electricity hits you!
You die...

....... #..# #.# #
.##.#.# #..# #.# #
.#..... ...# #.#
.#..#.# ##.# #.### .
#.. #.# #....
#.##.#####.# #####
...........#
#.......#..#########
#.# #.....$....@h).#
#.#
###.#.###.##h#..#
#.# #.#.#
#....h..... ##.##
#.#.# #.........≈.
#...# #.#.#
#...;;..≈.≈.
#...####.#.#
#....≈.≈.≈≈.
......##.#.#
#!...≈≈≈≈≈.≈
.........#.#
#>≈.≈≈≈≈≈≈≈
......####


You could see a wolf, 2 hounds and 2 electric eels.

Vanquished Creatures
  A two-headed ogre (D:8)
  A tengu conjurer (D:8)
  Prince Ribbit (D:5)
  Grinder (D:5)
  3 hippogriffs
  A spriggan (D:8)
  3 yaks (D:7)
  Sigmund (D:2)
  Edmund (D:6)
  Duvessa (D:6)
  2 orc warriors
  4 sky beasts
  A hornet zombie (D:6)
  2 phantoms
  A black bear (D:7)
  3 ogres
  A wolf (D:7)
  A necrophage (D:8)
  A kobold brigand (D:6)
  2 bullfrogs
  Dowan (D:6)
  2 centaurs
  A water moccasin skeleton (D:6)
  3 scorpions
  6 killer bees (D:8)
  8 wights (D:8)
  A howler monkey (D:3)
  4 crimson imps
  2 bullfrog zombies (D:8)
  A quasit (D:6)
  A gnoll shaman (D:7)
  A jelly (D:7)
  6 hounds
  2 orc wizards
  2 iguanas
  Natasha (thrice) (D:3 D:5)
  6 worker ants
  2 hound zombies
  A hound skeleton (D:6)
  A worker ant zombie (D:7)
  14 gnolls
  12 adders
  5 worms
  2 adder skeletons
  An adder zombie (D:6)
  2 dart slugs
  2 leopard geckos (D:3)
  26 orcs
  A ball python (D:2)
  4 giant cockroaches
  5 goblins
  7 hobgoblins
  11 jackals
  20 kobolds
  6 quokkas
  5 bats
  6 frilled lizards
  2 rats
217 creatures vanquished.

Vanquished Creatures (others)
  A wizard (D:3)
1 creature vanquished.

Grand Total: 218 creatures vanquished

Notes
Turn   | Place    | Note
-------+----------+-------------------------------------------
     0 | D:1      | Amelense the Ent Monk began the quest for the Orb.
     0 | D:1      | Reached XP level 1. HP: 25/25 MP: 2/2
   161 | D:2      | Reached skill level 4 in Maces & Flails
   169 | D:2      | Reached XP level 2. HP: 10/33 MP: 1/3
   389 | D:2      | Found a shattered altar of Ashenzari.
   392 | D:2      | Found an opulent altar of Gozag.
   406 | D:2      | Found a shimmering blue altar of Sif Muna.
   409 | D:2      | Found a burning altar of Makhleb.
   538 | D:2      | Reached XP level 3. HP: 42/42 MP: 4/4
   634 | D:2      | Noticed Sigmund
   661 | D:2      | Killed Sigmund
   662 | D:2      | Reached skill level 6 in Maces & Flails
   662 | D:2      | Reached XP level 4. HP: 33/51 MP: 3/5
   662 | D:2      | Reached XP level 5. HP: 38/58 MP: 3/6
   938 | D:2      | Found a faded altar of an unknown god.
  1125 | D:3      | Reached skill level 7 in Maces & Flails
  1132 | D:3      | Got a sparkling brass ring
  1133 | D:3      | Identified the ring of Zotweoka {*Slow rElec rC++ Dex-5
                  | Stlth--} (You found it on level 3 of the Dungeon)
  1277 | D:3      | Reached XP level 6. HP: 66/68 MP: 7/7
  1486 | D:3      | Noticed Natasha
  1491 | D:3      | Killed Natasha
  1528 | D:3      | Noticed Natasha
  1536 | D:3      | Killed Natasha
  1537 | D:3      | Reached skill level 8 in Maces & Flails
  1537 | D:3      | Found a bloodstained altar of Trog.
  1542 | D:3      | Noticed a wizard
  1547 | D:3      | Killed a wizard
  1760 | D:4      | Found a staircase to the Ecumenical Temple.
  1839 | Temple   | Entered the Ecumenical Temple
  1965 | Temple   | Became a worshipper of Cheibriados the Contemplative
  1965 | Temple   | Reached * piety under Cheibriados
  1965 | Temple   | Reached ** piety under Cheibriados
  2164 | D:4      | Noticed a sky beast
  2194 | D:4      | HP: 1/68 [sky beast (4)]
  2197 | D:4      | Killed a sky beast
  2199 | D:4      | HP: 1/70 [gnoll/+0 club (2)]
  2209 | D:4      | Reached XP level 7. HP: 4/77 MP: 2/8
  2490 | D:4      | Reached skill level 9 in Maces & Flails
  2494 | D:4      | Found Upeit's Food Boutique.
  2512 | D:4      | Bought a ration for 70 gold pieces
  2512 | D:4      | Bought a ration for 70 gold pieces
  2685 | D:3      | Reached skill level 5 in Fighting
  3393 | D:4      | Reached skill level 10 in Maces & Flails
  3505 | D:5      | Entered Level 5 of the Dungeon
  3506 | D:5      | Noticed Grinder
  3511 | D:5      | Paralysed by Grinder for 3 turns
  3533 | D:5      | Paralysed by Grinder for 2 turns
  3535 | D:5      | Killed Grinder
  3536 | D:5      | Reached XP level 8. HP: 81/86 MP: 7/9
  3570 | D:5      | Noticed Natasha
  3580 | D:5      | Killed Natasha
  3603 | D:5      | Reached skill level 11 in Maces & Flails
  3610 | D:5      | Gained mutation: You are somewhat resistant to further
                  | mutation. [potion of mutation]
  3616 | D:5      | Lost mutation: You are somewhat resistant to further
                  | mutation. [potion of mutation]
  3616 | D:5      | Gained mutation: Your mind is acute. (Int +2) [potion of
                  | mutation]
  3616 | D:5      | Gained mutation: You have supernaturally acute eyesight.
                  | (SInv) [potion of mutation]
  3659 | D:5      | Reached *** piety under Cheibriados
  3776 | D:5      | Noticed Prince Ribbit
  3785 | D:5      | Killed Prince Ribbit
  3801 | D:5      | Reached skill level 12 in Maces & Flails
  4265 | D:6      | Noticed a hippogriff
  4269 | D:6      | Killed a hippogriff
  4321 | D:7      | Noticed a hippogriff
  4324 | D:7      | Reached skill level 13 in Maces & Flails
  4325 | D:7      | Reached XP level 9. HP: 81/95 MP: 8/10
  4334 | D:7      | Reached **** piety under Cheibriados
  4473 | D:8      | Reached skill level 14 in Maces & Flails
  4514 | D:8      | Noticed a two-headed ogre
  4525 | D:8      | Killed a two-headed ogre
  4526 | D:8      | Reached skill level 15 in Maces & Flails
  4695 | D:8      | Reached XP level 10. HP: 99/103 MP: 9/11
  4697 | D:8      | Reached ***** piety under Cheibriados
  4709 | D:8      | Reached skill level 16 in Maces & Flails
  4995 | D:7      | Found a stormy altar of Qazlal.
  5109 | D:7      | Found a radiant altar of Vehumet.
  5269 | D:6      | Noticed Duvessa
  5270 | D:6      | Noticed Dowan
  5274 | D:6      | Killed Duvessa
  5275 | D:6      | Reached skill level 17 in Maces & Flails
  5279 | D:6      | Killed Dowan
  5405 | D:6      | Noticed Edmund
  5415 | D:6      | Killed Edmund
  5841 | D:4      | Bought a ration for 70 gold pieces
  6964 | D:7      | Reached ****** piety under Cheibriados
  6975 | D:7      | Killed from afar by an electric eel

Skill      XL: |  1  2  3  4  5  6  7  8  9 10 |
---------------+-------------------------------+-----
Maces & Flails | 4 6 7 8 10 13 15 17 | 17.5
Fighting       | 4 5 |  5.3
Dodging        | 3 |  3.6
Stealth        | |  2.4
Invocations    | |  2.4

Action                   |  1- 3 |  4- 6 |  7- 9 | 10-12 || total
-------------------------+-------+-------+-------+-------++-------
Melee: Mace              |    82 |   190 |    79 |       ||   351
       Giant spiked club |       |       |   150 |   146 ||   296
       Flail             |       |       |     7 |       ||     7
  Use: Scroll            |       |       |     5 |     5 ||    10
       Potion            |       |       |     3 |     1 ||     4
 Stab: Sleeping          |       |     2 |     3 |     6 ||    11
  Eat: Chunk             |     1 |     9 |     6 |     6 ||    22
       Ration            |       |       |     2 |     2 ||     4
Armor: Skin              |    64 |   183 |   279 |   193 ||   719
Dodge: Dodged            |    68 |   174 |   317 |   221 ||   780
